 Dungeon Crawl Stone Soup version 0.21.0-3-g78d12a8 (webtiles) character file.

362 loralnil the Magician (level 6, -15/32 HPs)
             Began as a Deep Elf Ice Elementalist on Jan 17, 2018.
             Demolished by matthes123's ghost (18 damage)
             ... on level 4 of the Dungeon.
             The game lasted 00:10:10 (3528 turns).

loralnil the Magician (Deep Elf Ice Elementalist)   Turns: 3528, Time: 00:10:11

Health: -15/32     AC:  4    Str:  5    XL:     6   Next: 39%
Magic:  16/16      EV: 15    Int: 22    God:
Gold:   102        SH:  0    Dex: 15    Spells: 2/16 levels left

rFire    . . .     SeeInvis .   f - +0 short sword (venom)
rCold    . . .     Gourm    .   (no shield)
rNeg     . . .     Faith    .   a - +0 robe
rPois    .         Spirit   .   l - +0 helmet
rElec    .         Reflect  .   i - +0 cloak
rCorr    .         Harm     .   (no gloves)
MR       .....                  (no boots)
Stlth    ++........             (no amulet)
HPRegen  0.10/turn              (no ring)
MPRegen  0.15/turn              (no ring)

@: no status effects
A: no striking features
a: no special abilities


You were on level 4 of the Dungeon.
You were not hungry.

You visited 1 branch of the dungeon, and saw 4 of its levels.

You collected 102 gold pieces.

Inventory:

Hand Weapons
 f - a +0 short sword of venom (weapon)
 g - a +4 dagger
Armour
 a - a +0 robe (worn)
 e - +0 shadow dragon scales
 i - a +0 cloak (worn)
 l - a +0 helmet (worn)
Scrolls
 m - a scroll of teleportation {unknown}
 n - a scroll of magic mapping {unknown}
 o - a scroll of remove curse {unknown}
 p - a scroll of blinking {unknown}
 r - a scroll of enchant armour {unknown}
 s - a scroll of fog {unknown}
Potions
 d - 2 potions of berserk rage
 h - a potion of lignification {unknown}
 j - 2 potions of brilliance
 k - a potion of agility
 q - a potion of resistance {unknown}
Books
 b - a book of Frost

   Spells                             Type                      Level
   a - Freeze                         Ice                          1
   b - Throw Frost                    Conjuration/Ice              2
   c - Ozocubu's Armour               Charms/Ice                   3
   d - Throw Icicle                   Conjuration/Ice              4
   e - Summon Ice Beast               Ice/Summoning                4
Comestibles
 c - 8 rations
 t - 3 chunks of flesh


   Skills:
 + Level 5.1 Dodging
 - Level 2.5 Stealth
 + Level 5.7 Spellcasting
 - Level 1.1 Conjurations
 + Level 5.2 Ice Magic


You had 2 spell levels left.
You knew the following spells:

 Your Spells              Type           Power        Failure   Level  Hunger
a - Freeze                Ice            ####         1%          1    None
b - Throw Frost           Conj/Ice       ###...       3%          2    None
c - Ozocubu's Armour      Chrm/Ice       ###.....     10%         3    ##.....
d - Throw Icicle          Conj/Ice       ###.....     26%         4    ####...
e - Summon Ice Beast      Ice/Summ       ###.....     30%         4    ####...


Dungeon Overview and Level Annotations

Branches:
Dungeon (4/15)
 Temple: D:4-7

Altars:
Kikubaaqudgha
Ru
Trog
Zin

Annotations:
D:4 matthes123's ghost, amateur MiFi


Message History

Matthes123's ghost hits you.
There is a stone staircase leading up here.
Matthes123's ghost hits you!
You climb upwards.
There is a stone staircase leading down here.
You start resting.
Your magical contamination has completely faded away.
You start resting.
Magic restored.
You start resting.
HP restored.
You climb downwards.
Level annotation: matthes123's ghost, amateur MiFi Matthes123's ghost hits you! x2
Ouch! That really hurt!
* * * LOW HITPOINT WARNING * * *
There is a stone staircase leading up, spattered with blood here.
Matthes123's ghost hits you!!
Ouch! That really hurt!
You die...

#######.###.## #
..........##.##.#
#######.#..)....#
########.#.###########
..........)(..[.......
########........######
####.######.# #.....#
#o######.# # #.....#
#W@....... ####...o.##
#########. ...........#
.o. #####......#
####.###..
....###.##.###....o....
....# #. #........#
###.# #. #####.###.# #
# #. #.# # #.#


You could see matthes123's ghost and an orc.

Vanquished Creatures
  Blork the orc (D:4)
  An orc priest (D:3)
  2 orc wizards
  A worker ant (D:4)
  4 gnolls
  3 adders
  An ooze (D:1)
  4 worms
  4 dart slugs
  A leopard gecko (D:3)
  16 orcs
  2 ball pythons
  4 giant cockroaches
  3 goblins (D:1)
  4 hobgoblins
  6 jackals
  3 quokkas
  13 bats
  6 frilled lizards
  3 kobolds
  5 rats
87 creatures vanquished.

Notes
Turn   | Place    | Note
-------+----------+-------------------------------------------
     0 | D:1      | loralnil the Deep Elf Ice Elementalist began the quest for the Orb.
     0 | D:1      | Reached XP level 1. HP: 10/10 MP: 6/6
   216 | D:1      | Reached XP level 2. HP: 6/15 MP: 1/8
  1145 | D:2      | Reached XP level 3. HP: 16/19 MP: 7/10
  1354 | D:3      | Learned a level 2 spell: Throw Frost
  1358 | D:3      | Learned a level 3 spell: Ozocubu's Armour
  1395 | D:2      | Reached XP level 4. HP: 23/24 MP: 2/12
  1987 | D:2      | Reached XP level 5. HP: 26/28 MP: 9/14
  2299 | D:3      | Reached skill level 5 in Spellcasting
  2389 | D:3      | HP: 1/28 [orc/trident (9)]
  2635 | D:3      | Learned a level 4 spell: Throw Icicle
  2849 | D:4      | Reached skill level 5 in Ice Magic
  2894 | D:4      | Found a glowing silver altar of Zin.
  2900 | D:4      | Found an ancient bone altar of Kikubaaqudgha.
  2902 | D:4      | Found a bloodstained altar of Trog.
  2992 | D:4      | Noticed Blork the orc
  2999 | D:4      | Learned a level 4 spell: Summon Ice Beast
  3008 | D:4      | Killed Blork the orc
  3008 | D:4      | Reached skill level 5 in Dodging
  3008 | D:4      | Reached XP level 6. HP: 20/32 MP: 5/16
  3270 | D:4      | Found a sacrificial altar of Ru.
  3383 | D:4      | Noticed matthes123's ghost (amateur MiFi)
  3528 | D:4      | Demolished by matthes123's ghost

Skill      XL: |  1  2  3  4  5 |
---------------+----------------+-----
Dodging        | 3 4 5 |  5.1
Spellcasting   | 4 5 |  5.7
Ice Magic      | 4 5 |  5.2
Stealth        | |  2.5
Conjurations   | |  1.1

Action                   |  1- 3 |  4- 6 || total
-------------------------+-------+-------++-------
Melee: Short sword       |     8 |    10 ||    18
       Unarmed           |     1 |       ||     1
 Cast: Freeze            |    53 |   119 ||   172
       Ozocubu's Armour  |     2 |     1 ||     3
       Throw Frost       |       |     1 ||     1
  Use: Scroll            |     2 |     3 ||     5
       Potion            |       |     2 ||     2
 Stab: Sleeping          |       |     1 ||     1
  Eat: Chunk             |     1 |     7 ||     8
Armor: Robe              |     7 |    19 ||    26
Dodge: Dodged            |    31 |    82 ||   113
